 Dungeon Crawl Stone Soup version 0.25-a0-940-gc6eaff51cc (webtiles) character file.

Game seed: 5875757360385161970, levelgen mode: deterministic

2409 kae the Frost Mage (level 9, -3/57 HPs)
             Began as a Merfolk Ice Elementalist on May 5, 2020.
             Was a Believer of Okawaru.
             Slain by a phantom (8 damage)
             ... on level 7 of the Dungeon.
             The game lasted 00:07:59 (9778 turns).

kae the Frost Mage (Merfolk Ice Elementalist)       Turns: 9778, Time: 00:08:00

Health: -3/57      AC:  4    Str:  8    XL:     9   Next: 47%
Magic:  13/19      EV: 13    Int: 17    God:    Okawaru [**....]
Gold:   226        SH:  0    Dex: 15    Spells: 10/21 levels left

rFire    + . .     SeeInvis .   w - +0 spear
rCold    x . .     Gourm    +   (no shield)
rNeg     . . .     Faith    .   a - +0 robe
rPois    .         Spirit   .   (no helmet)
rElec    .         Reflect  .   (no cloak)
rCorr    .         Harm     .   h - +1 pair of gloves
MR       .....                  (no boots)
Stlth    ++........             q - amulet of the gourmand
HPRegen  0.19/turn              i - ring of fire
MPRegen  0.16/turn              (no ring)

@: berserk cooldown, slowed, very slow
A: change form in water, swift swim, stealthy swim
a: Heroism, Renounce Religion


You were on level 7 of the Dungeon.
You worshipped Okawaru.
Okawaru was pleased with you.
You were near starving.

You visited 2 branches of the dungeon, and saw 8 of its levels.

You collected 226 gold pieces.

Inventory:

Hand Weapons
 f - a +0 dagger
 w - a +0 spear (weapon)
Armour
 a - a +0 robe (worn)
 h - a +1 pair of gloves (worn)
Jewellery
 e - an uncursed amulet of faith
 i - a ring of fire (left hand)
 q - an amulet of the gourmand (around neck)
Wands
 m - a wand of enslavement (10)
 t - a wand of flame (14)
 z - a wand of random effects (18)
Scrolls
 j - a scroll of amnesia
 p - a scroll of immolation
 r - 2 scrolls of teleportation
 s - a scroll of enchant armour
 u - a scroll of noise
 x - a scroll of remove curse
 y - 4 scrolls of identify
Potions
 d - 4 potions of lignification
 g - a potion of magic
 k - 2 potions of mutation
 l - 2 potions of curing
 n - 2 potions of flight
 A - a potion of brilliance
Comestibles
 c - 9 rations


   Skills:
 - Level 2.6 Dodging
 - Level 2.1 Stealth
 + Level 6.9 Spellcasting
 * Level 11.7 Ice Magic


You had 10 spell levels left.
You knew the following spells:

 Your Spells              Type           Power        Failure   Level  Hunger
a - Freeze                Ice            ####         1%          1    None
b - Frozen Ramparts       Ice            #####.       1%          3    ##.....
c - Ozocubu's Armour      Chrm/Ice       ####....     3%          3    ##.....
d - Hailstorm             Conj/Ice       ####....     11%         4    ####...

Your spell library contained the following spells:

 Spells                   Type           Power        Failure   Level  Hunger
 Summon Ice Beast         Ice/Summ       ####....     11%         4    ####...
 Magic Dart               Conj           #...         12%         1    None
 Searing Ray              Conj           #.....       19%         2    None
 Dazzling Flash           Conj/Hex       #.....       34%         3    ##.....
 Fulminant Prism          Conj/Hex       #.........   75%         4    ####...
 Iskenderun's Mystic Bla  Conj/Tloc      #.......     75%         4    ####...


Dungeon Overview and Level Annotations

Branches:
Dungeon (7/15)             Temple (1/1) D:4

Altars:
Ashenzari
Cheibriados
Dithmenos
Fedhas
Gozag
Hepliaklqana
Kikubaaqudgha
Makhleb
Nemelex Xobeh
Okawaru
Qazlal
Ru
Sif Muna
Trog
Uskayaw
Vehumet
Wu Jian
Yredelemnul
Zin
The Shining One


Message History

The crimson imp hits you.
* * * LOW HITPOINT WARNING * * *
Casting: Freeze (safe; 1% risk of failure)
Confirm with . or Enter, or press ? or * to list all spells.
Aiming: Freeze (safe; 1% risk of failure)
Press: ? - help, Shift-Dir - straight line, f/p - crimson imp
Aim: a crimson imp (moderately wounded)
The crimson imp is frozen!
You freeze the crimson imp!
You kill the crimson imp!
Okawaru accepts your kill.
Casting: Freeze (safe; 1% risk of failure)
Confirm with . or Enter, or press ? or * to list all spells.
Aiming: Freeze (safe; 1% risk of failure)
Press: ? - help, Shift-Dir - straight line, f - phantom
Aim: a phantom (severely damaged)
The phantom resists.
You freeze the phantom.
The phantom is almost destroyed.
The phantom hits you but does no damage.
The phantom hits you!
You die...

....... .. #..... ..
##....# .# ...... .#
##..[## ##### .##
##.....# ####...##..#
#......#######...†#..a...
#.))...W....##.######....
#.##.(.<(..@......# #....
#........)....##### #....
#....###)......## .....
#.#. ##.##.#.## ##... . #
#..##.#.# ... #.....#.#
### #..####.# #....# #.#
#.#..# #.#


You could see a phantom.

Vanquished Creatures
  Pikel (D:5)
  Duvessa (D:6)
  4 ogres
  3 centaurs
  A big kobold (D:6)
  2 bullfrogs
  Dowan (D:6)
  A wyvern skeleton (D:6)
  3 scorpions
  A howler monkey (D:4)
  A crimson imp (D:7)
  A bullfrog zombie (D:6)
  3 hounds
  2 jellies
  3 orc wizards
  2 orc priests
  3 bullfrog skeletons
  2 iguanas (D:5)
  3 worker ants
  3 hound skeletons (D:4)
  Robin (D:2)
  A howler monkey zombie (D:6)
  3 gnolls (D:2)
  4 adders
  An ooze (D:2)
  An adder skeleton (D:4)
  2 worms
  4 dart slugs
  A leopard gecko (D:3)
  19 orcs
  8 bats
  4 giant cockroaches
  17 hobgoblins
  17 kobolds
  5 quokkas
  5 frilled lizards
  17 goblins
  A leopard gecko skeleton (D:5)
  A quokka skeleton (D:6)
  3 rats
156 creatures vanquished.

Vanquished Creatures (others)
  2 slaves (D:6)
2 creatures vanquished.

Grand Total: 158 creatures vanquished

Notes
Turn   | Place    | Note
-------+----------+-------------------------------------------
     0 | D:1      | kae the Merfolk Ice Elementalist began the quest for the
                  | Orb.
     0 | D:1      | Reached XP level 1. HP: 13/13 MP: 3/3
   506 | D:1      | Reached XP level 2. HP: 19/19 MP: 5/5
   815 | D:1      | Reached skill level 5 in Ice Magic
  1249 | D:2      | Noticed Robin
  1255 | D:2      | Reached XP level 3. HP: 24/24 MP: 4/6
  1506 | D:2      | Killed Robin
  1736 | D:2      | Reached XP level 4. HP: 27/30 MP: 5/8
  2026 | D:2      | Learned a level 3 spell: Frozen Ramparts
  2274 | D:2      | Reached skill level 6 in Ice Magic
  2515 | D:2      | Reached XP level 5. HP: 31/35 MP: 5/9
  4333 | D:4      | Reached XP level 6. HP: 23/41 MP: 1/11
  4468 | D:4      | Reached skill level 7 in Ice Magic
  5046 | D:4      | Found a bloodstained altar of Trog.
  5224 | D:4      | Reached XP level 7. HP: 21/46 MP: 5/13
  5437 | D:4      | Reached skill level 8 in Ice Magic
  5691 | D:4      | Found a staircase to the Ecumenical Temple.
  5815 | Temple   | Entered the Ecumenical Temple
  5926 | Temple   | Became a worshipper of Warmaster Okawaru
  6154 | D:5      | Entered Level 5 of the Dungeon
  6167 | D:5      | Found a shattered altar of Ashenzari.
  6210 | D:5      | Found a sparkling altar of Nemelex Xobeh.
  6673 | D:5      | Reached skill level 9 in Ice Magic
  7112 | D:5      | Reached skill level 5 in Spellcasting
  7112 | D:5      | Reached XP level 8. HP: 39/52 MP: 12/15
  7231 | D:6      | Noticed Duvessa
  7232 | D:6      | Noticed Dowan
  7418 | D:6      | Noticed Pikel
  7435 | D:5      | Killed Pikel
  7435 | D:5      | Reached * piety under Okawaru
  7435 | D:5      | Reached ** piety under Okawaru
  7435 | D:5      | Reached skill level 10 in Ice Magic
  7588 | D:6      | Killed Duvessa
  7728 | D:6      | Killed Dowan
  7822 | D:6      | Learned a level 3 spell: Ozocubu's Armour
  7827 | D:6      | Learned a level 4 spell: Hailstorm
  7898 | D:6      | Found a burning altar of Makhleb.
  7932 | D:6      | Found a glowing golden altar of the Shining One.
  7961 | D:6      | Reached XP level 9. HP: 32/57 MP: 7/18
  8501 | D:6      | Reached skill level 11 in Ice Magic
  9778 | D:7      | Slain by a phantom

Levels and vault maps discovered:
D:1:      nzn_arrival_depleted_hourglass, layout_loops_ring
D:2:      layout_basic, minmay_misc_feat_four_crosses,
          kennysheep_generic_room_16, uniq_robin
D:3:      layout_loops_corners, kennysheep_generic_room_12
D:4:      layout_gridville, overflow_temple_1_default,
          minmay_temple_entry_poolview, first_ration, minmay_goblin_outpost
D:5:      layout_basic, basic_altar, grunt_decor_cap, nemelex_spade_bored_becter
D:6:      layout_cave_pods, nicolae_overflow_crystal_walls, bloody_makhleb,
          uniq_pikel, uniq_duvessa
D:7:      layout_rooms, chequers_temple_overflow_statue_of_worship,
          enter_ossuary_4, ebering_ghost_rock_garden, the_bakery,
          uniq_prince_ribbit1, uniq_maggie
Temple:   regret_index_temple_mists

Skill      XL: |  1  2  3  4  5  6  7  8  9 |
---------------+----------------------------+-----
Ice Magic      | 5 6 7 9 10 11 | 11.7
Spellcasting   | 3 4 5 6 |  6.9
Dodging        | |  2.6
Stealth        | |  2.1

Action                   |  1- 3 |  4- 6 |  7- 9 || total
-------------------------+-------+-------+-------++-------
Melee: Unarmed           |    11 |       |       ||    11
       Dagger            |    33 |   107 |    30 ||   170
       Spear             |       |       |   161 ||   161
       Punch             |       |       |     1 ||     1
 Cast: Freeze            |    37 |    85 |    97 ||   219
       Frozen Ramparts   |       |     4 |     7 ||    11
       Ozocubu's Armour  |       |       |     4 ||     4
       Hailstorm         |       |       |     1 ||     1
Invok: Heroism           |       |       |     6 ||     6
  Use: Scroll            |     4 |     9 |     7 ||    20
       Potion            |       |       |     4 ||     4
 Stab: Sleeping          |     3 |     2 |     2 ||     7
  Eat: Chunk             |     3 |     8 |    10 ||    21
       Ration            |       |     1 |     1 ||     2
Armor: Robe              |    18 |    49 |    51 ||   118
Dodge: Dodged            |    34 |   142 |   191 ||   367

Table legend:
 A = Non-vault XP
 B = Vault XP
 C = Vault XP percentage of total XP
 D = Non-vault monster count
 E = Vault monster count
 F = Vault count percentage of total count
                 A         B        C        D         E       F
            +---------+---------+-------+---------+---------+-------
      Total |    2547 |     895 |  26.0 |     134 |      22 |  14.1
            +---------+---------+-------+---------+---------+-------
        D:1 |      31 |       2 |   6.1 |      16 |       1 |   5.9
        D:2 |     117 |      35 |  23.0 |      25 |      11 |  30.6
        D:3 |      46 |       1 |   2.1 |      19 |       1 |   5.0
        D:4 |     649 |      11 |   1.7 |      27 |       6 |  18.2
        D:5 |     433 |     651 |  60.1 |       9 |       1 |  10.0
        D:6 |     823 |     195 |  19.2 |      25 |       2 |   7.4
        D:7 |     448 |       0 |   0.0 |      13 |       0 |   0.0
            +---------+---------+-------+---------+---------+-------
